 Dungeon Crawl Stone Soup version 0.16-a0-4113-g7d8e295 (webtiles) character file.

92 timbw the Sneak (level 4, 0/27 HPs)
             Began as a High Elf Ice Elementalist on Feb 28, 2015.
             Slain by Menkaure (16 damage)
             ... on level 4 of the Dungeon.
             The game lasted 00:03:17 (578 turns).

timbw the Sneak (High Elf Ice Elementalist)          Turns: 578, Time: 00:03:17

Health: 0/27       AC:  2    Str:  7    XL:     4   Next: 35%
Magic:  11/11      EV: 13    Int: 19    God:
Gold:   35         SH:  0    Dex: 16    Spells: 1 memorised, 6 levels left

rFire  . . .     SeeInvis .     k - +0 dagger (vamp)
rCold  . . .     Clarity  .     a - +0 robe
rNeg   . . .     SustAb   .     (no shield)
rPois  .         Gourm    .     (no helmet)
rElec  .         Spirit   .     (no cloak)
rCorr  .         Warding  .     (no gloves)
rMut   .         Stasis   .     (no boots)
MR     .....                    (no amulet)
Stlth  +++.......               (no ring)
                                (no ring)

@: not resistant to hostile enchantments, fairly stealthy
A: no striking features
a: no special abilities


You were on level 4 of the Dungeon.
You were not hungry.

You visited 1 branch of the dungeon, and saw 4 of its levels.

You collected 35 gold pieces.

Inventory:

Hand weapons
 e - a +0 dagger
 k - a +0 vampiric dagger (weapon)
Armour
 a - a +0 robe (worn)
Scrolls
 d - a scroll of fog {unknown}
 f - a scroll of noise {unknown}
 h - a scroll of teleportation {unknown}
 n - a scroll of enchant weapon {unknown}
 o - 2 scrolls of identify {unknown}
 p - a scroll of amnesia {unknown}
Potions
 l - a potion of degeneration {unknown}
 m - a potion of curing {unknown}
 q - a potion of heal wounds {unknown}
Books
 b - a book of Frost

   Spells                             Type                      Level
   a - Freeze                         Ice                          1
   b - Throw Frost                    Conjuration/Ice              2
   c - Ozocubu's Armour               Charms/Ice                   3
   d - Throw Icicle                   Conjuration/Ice              4
   e - Summon Ice Beast               Ice/Summoning                4
   f - Condensation Shield            Ice                          4
 j - a Grand Grimoire {highlevel, unknown}

   This book is beyond your current level of understanding.

   Spells                             Type                      Level
   a - Aura of Abjuration             Summoning                    6
   b - Summon Greater Demon           Summoning                    7
   c - Malign Gateway                 Summoning/Translocation      7
   d - Summon Horrible Things         Summoning                    8
Comestibles
 c - 2 bread rations
 g - a meat ration
 i - 4 chunks of flesh


   Skills:
 + Level 2.4 Short Blades
 - Level 2.1 Dodging
 * Level 4.8 Stealth
 - Level 2.4 Spellcasting
   Level 1.1 Conjurations
 - Level 3.0 Ice Magic


You had 6 spell levels left.
You knew the following spells:

 Your Spells              Type           Power        Failure   Level  Hunger
a - Freeze                Ice            ##..         6%          1    #......


Dungeon Overview and Level Annotations

Branches:
Dungeon (4/15)
 Temple: D:4-7

Altars:

Shops:
D:4 :

Annotations:
D:4 Menkaure


Message History

You see here a ring mail.
A rat comes into view.
The rat moves out of view.
You strike the helpless rat from a blind spot!
You puncture the rat!
You kill the rat!
No target in view!
You see here a rat corpse.
You butcher the rat corpse.
i - 4 chunks of flesh (gained 1)
Found a stone staircase leading down.
A quokka skeleton comes into view.
There is a stone staircase leading down here.
Menkaure shouts!
The jelly quivers.
You hit Menkaure but do no damage.
There is a stone staircase leading down here.
Menkaure hits you!
Ouch! That really hurt!
You die...

.##.##.### #[##.# .#
.##.##.# #.##.##.#
......†#####.......#
.........∩..###..###
..................#
.................##
..............##.#
.........###..##.#
.........# #..##@#
.........# #..##M#
................J........
....$....##.###..##.####
............ #.Z. #
...... . #... ..... ....#
..... .##.# # #..# #. .#


You could see Menkaure, a jelly and a quokka skeleton.

Vanquished Creatures
  A scorpion (D:4)
  A gnoll (D:3)
  2 giant mites (D:4)
  An orc (D:4)
  A hobgoblin (D:2)
  6 jackals
  4 kobolds
  A giant newt (D:3)
  4 goblins
  A rat (D:4)
22 creatures vanquished.

Notes
Turn   | Place    | Note
--------------------------------------------------------------
     0 | D:1      | timbw, the High Elf Ice Elementalist, began the quest for the Orb.
     0 | D:1      | Reached XP level 1. HP: 11/11 MP: 4/4
   171 | D:3      | Reached XP level 2. HP: 15/17 MP: 3/6
   184 | D:3      | Reached skill level 1 in Short Blades
   271 | D:4      | Noticed Menkaure
   408 | D:4      | Reached XP level 3. HP: 21/21 MP: 8/8
   479 | D:4      | Found Pahoasm's Book Boutique.
   480 | D:4      | Noticed a scorpion
   485 | D:4      | Killed a scorpion
   485 | D:4      | Reached skill level 4 in Stealth
   485 | D:4      | Reached XP level 4. HP: 27/27 MP: 11/11
   578 | D:4      | Slain by Menkaure

Action                   |  1- 3 |  4- 6 || total
-------------------------+-------+-------++-------
Melee: Dagger            |    14 |    28 ||    42
 Cast: Freeze            |    19 |     3 ||    22
 Stab: Sleeping          |     4 |     2 ||     6
       Distracted        |       |     1 ||     1
  Eat: Meat ration       |     1 |       ||     1
